 Dungeon Crawl Stone Soup version 0.21.1-1-g345015f (webtiles) character file.

232 Iko the Ducker (level 5, -1/53 HPs)
             Began as a Troll Monk on May 13, 2018.
             Slain by a hippogriff (3 damage)
             ... on level 8 of the Dungeon.
             The game lasted 00:13:01 (957 turns).

Iko the Ducker (Troll Monk)                          Turns: 957, Time: 00:13:01

Health: -1/53      AC:  7    Str: 19    XL:     5   Next: 73%
Magic:  0/4        EV: 14    Int:  7    God:
Gold:   153        SH:  0    Dex: 12    Spells: 4/4 levels left

rFire    . . .     SeeInvis .   e - +0 great sword
rCold    . . .     Gourm    +   (shield currently unavailable)
rNeg     . . .     Faith    .   b - +2 robe
rPois    .         Spirit   +   (helmet restricted)
rElec    .         Reflect  .   (no cloak)
rCorr    .         Harm     .   (gloves unavailable)
MR       .....                  (boots unavailable)
Stlth    ++........             j - amulet of guardian spirit
HPRegen  0.57/turn              a - +3 ring of evasion
MPRegen  0.09/turn              (no ring)

@: no status effects
A: large, unfitting armour, claws 3, fast metabolism 3, gourmand, regeneration
1, shaggy fur 1, tough skin 2
a: no special abilities


You were on level 8 of the Dungeon.
You were not hungry.

You visited 1 branch of the dungeon, and saw 8 of its levels.

You collected 153 gold pieces.

Inventory:

Hand Weapons
 e - a +0 great sword (weapon)
 i - a +0 blowgun
Armour
 b - a +2 robe (worn)
Jewellery
 a - a +3 ring of evasion (left claw)
 j - an amulet of guardian spirit (around neck)
Wands
 g - a wand of random effects (32)
Scrolls
 f - a scroll of identify
Comestibles
 c - 4 rations
 d - 3 chunks of flesh


   Skills:
 + Level 3.2 Fighting
 + Level 1.1 Long Blades
   Level 2.4(2.5) Axes
   Level 1.2(2.1) Maces & Flails
 + Level 2.4 Throwing
 + Level 3.4 Dodging
 + Level 1.2 Stealth


You had 4 spell levels left.
You didn't know any spells.

Dungeon Overview and Level Annotations

Branches:
Dungeon (8/15)
 Temple: D:4-7         Lair: D:8-11

Altars:


Innate Abilities, Weirdness & Mutations

You are too large for most types of armour.
You have claws for hands.
Your metabolism is lightning-fast.
You like to eat raw meat.
Your natural rate of healing is unusually fast.
You are covered in fur. (AC +1)
You have very tough skin. (AC +2)


Message History

You completely miss the hippogriff.
The hippogriff is lightly wounded.
The hippogriff bites you. The hippogriff pecks you!
The hippogriff barely misses you. The hippogriff bites you.
The hippogriff pecks you but does no damage.
The hippogriff closely misses you.
You slash the hippogriff!
The hippogriff is heavily wounded.
The steam dragon bites you but does no damage.
The steam dragon claws you. The hippogriff closely misses you.
The hippogriff pecks you. The hippogriff claws you!
* * * LOW HITPOINT WARNING * * *
The steam dragon closely misses you. The steam dragon claws you.
* * * LOW HITPOINT WARNING * * *
The hippogriff bites you.
* * * LOW HITPOINT WARNING * * *
The hippogriff pecks you.
* * * LOW HITPOINT WARNING * * *
The hippogriff claws you.
You die...

###################
#.................#
#.............@H.(#
#.(...........>D......
#.......######+#####..
#................
##...............
#...............
###.............
#....#...##...
###....#........


You could see a hippogriff and a steam dragon.

Vanquished Creatures
  A black bear (D:7)
  A bullfrog (D:8)
  A crimson imp (D:7)
  An adder (D:5)
  An adder skeleton (D:7)
  A worm (D:4)
  A dart slug (D:1)
  2 orcs (D:7)
  4 giant cockroaches
  3 goblins
  4 hobgoblins
  3 jackals (D:2)
  A ball python (D:2)
  A bat (D:1)
  A frilled lizard (D:1)
  3 kobolds
  7 rats
36 creatures vanquished.

Vanquished Creatures (others)
  A hound (D:6)
  An adder (D:6)
2 creatures vanquished.

Grand Total: 38 creatures vanquished

Notes
Turn   | Place    | Note
-------+----------+-------------------------------------------
     0 | D:1      | Iko the Troll Monk began the quest for the Orb.
     0 | D:1      | Reached XP level 1. HP: 22/22 MP: 0/0
   125 | D:1      | Reached XP level 2. HP: 29/29 MP: 1/1
   384 | D:3      | Reached skill level 1 in Maces & Flails
   384 | D:3      | Reached XP level 3. HP: 36/36 MP: 2/2
   458 | D:5      | Entered Level 5 of the Dungeon
   585 | D:5      | Paralysed by fainting for 12 turns
   599 | D:5      | Paralysed by fainting for 11 turns
   707 | D:7      | Noticed a black bear
   718 | D:7      | Killed a black bear
   718 | D:7      | Reached skill level 1 in Throwing
   718 | D:7      | Reached XP level 4. HP: 29/45 MP: 3/3
   722 | D:7      | Reached XP level 5. HP: 39/53 MP: 4/4
   758 | D:8      | Reached skill level 1 in Long Blades
   949 | D:8      | Noticed a hippogriff
   953 | D:8      | Noticed a steam dragon
   957 | D:8      | HP: 2/53 [hippogriff (3)]
   957 | D:8      | Slain by a hippogriff

Skill      XL: |  1  2  3  4  5 |
---------------+----------------+-----
Maces & Flails | 1 |  1.2
Fighting       | 3 |  3.2
Throwing       | 1 2 |  2.4
Dodging        | 3 |  3.4
Long Blades    | 1 |  1.1
Axes           | |  2.4
Stealth        | |  1.2

Action                   |  1- 3 |  4- 6 || total
-------------------------+-------+-------++-------
Melee: Mace              |    69 |       ||    69
       Great sword       |     6 |    11 ||    17
Throw: Tomahawk          |    33 |     2 ||    35
  Use: Potion            |     5 |       ||     5
       Scroll            |     5 |     1 ||     6
 Stab: Invisible         |     1 |       ||     1
  Eat: Ration            |     1 |     1 ||     2
       Chunk             |       |     1 ||     1
Armor: Robe              |    34 |    13 ||    47
Dodge: Dodged            |    74 |    13 ||    87
       Rpst.: Great sword |     1 |     2 ||     3
